AoeStats
← Milaad

Oasis

507618258Analyzed
4v4 RM · 14d ago on Sep 19, 2026· 23m 20s· 8 players
Game mode
Random Map
Map size
Large (8 player)
Population
200
Speed
Normal
Resources
Standard
Victory
Conquest
Starting age
Dark Age
Ending age
Imperial Age
RankedLock teamsTeams togetherTeam positionsShared explorationLock speedFull tech treeHidden civsTurbo modeCheats
Victory
Defeat
🇺🇸 Armenians · United States
1164
+13
🇺🇸 Persians · United States
1102
+15
🇺🇸 Vietnamese · United States
1093
+16
🇺🇸 Byzantines · United States
985
+20
🇧🇷 Britons · Brazil
1113
-17
🇹🇼 Ethiopians · Taiwan
1109
-17
🇧🇷 Bengalis · Brazil
1056
-15
🇨🇳 Khmer · China
1051
-15
Bélga
4:41 Loom
12:34 Feudal Age
17:17 Castle Age
15:22 Horse Collar
15:50 Stone Mining
16:19 Gold Mining
17:19 Double-Bit Axe
19:50 Bow Saw
BorNouT
0:59 Loom
10:09 Feudal Age
10:45 Double-Bit Axe
11:45 Gold Mining
14:24 Fletching
16:23 Wheelbarrow
16:17 Horse Collar
18:26 Padded Archer Armor
king vitt
0:31 Loom
12:28 Feudal Age
16:28 Castle Age
16:14 Double-Bit Axe
16:15 Horse Collar
17:49 Wheelbarrow
17:55 Stone Mining
18:30 Heavy Plow
TigerBitePig
7:48 Loom
10:02 Feudal Age
10:54 Double-Bit Axe
16:48 Gold Mining
19:26 Castle Age
18:31 Fletching
18:41 Padded Archer Armor
rashbalash
1:26 Loom
2:43 Loom
10:59 Feudal Age
12:41 Double-Bit Axe
16:39 Scale Barding Armor
21:52 Castle Age
20:34 Horse Collar
21:34 Gold Mining
22:40 Light Cavalry
23:59 Chain Barding Armor
Streetlamp Le Moose
4:08 Loom
11:18 Feudal Age
12:37 Double-Bit Axe
15:00 Fletching
18:33 Padded Archer Armor
Cthpoolu
7:40 Loom
10:29 Feudal Age
11:29 Double-Bit Axe
12:34 Fletching
13:16 Padded Archer Armor
13:40 Gold Mining
19:54 Wheelbarrow
23:02 Castle Age
21:36 Stone Mining
23:49 Bodkin Arrow
Milaad
11:10 Feudal Age
11:31 Double-Bit Axe
13:52 Loom
14:56 Horse Collar
18:10 Castle Age
16:53 Bloodlines
22:41 Husbandry
24:01 Scale Barding Armor
Connection lost

Rejoining the realm…

Still unreachable

The connection could not be restored.

Session expired

The server has moved on; the page needs a fresh start.